PAA
SPRINGFIELD SHOOTERS @ BELVEDERE PARK RAWHIDES
07/17/2023
 
TOP OF THE 1ST
Springfield Shooters batting - Pitching for Belvedere Park Rawhides : RHP Norm Burris
Pitching: RHP Norm Burris
Batting: SHB Albert Santos 0-0: Ball
1-0: Ground out U3 (Groundball, 3S)
Batting: RHB Michael Hicks 0-0: Ball
1-0: Ball
2-0: Ball
3-0: Called Strike
3-1: Fly out, F8 (Flyball, 8RM)
Batting: RHB Jim Unknown 0-0: Fly out, F8 (Flyball, 8LD)
Top of the 1st over - 0 run(s), 0 hit(s), 0 error(s), 0 left on base; Springfield 0 - Belvedere Park 0
BOTTOM OF THE 1ST
Belvedere Park Rawhides batting - Pitching for Springfield Shooters : RHP Jim Unknown
Pitching: RHP Jim Unknown
Batting: SHB Manuel González 0-0: Called Strike
0-1: Foul Ball, location: 2F
0-2: Ball
1-2: Strikes out looking
Batting: RHB Victorino Navarro 0-0: Fly out, F9 (Flyball, 9S)
Batting: RHB Domingo Calderón 0-0: Foul Ball, location: 2F
0-1: Foul Ball, location: 2F
0-2: Ball
1-2: Foul Ball, location: 2F
1-2: Ball
2-2: Ball
3-2: SINGLE (Line Drive, 6MD)
Batting: SHB Ryan Cook 0-0: Called Strike
0-1: Swinging Strike
0-2: Ball
1-2: Strikes out looking
Bottom of the 1st over - 0 run(s), 1 hit(s), 0 error(s), 1 left on base; Springfield 0 - Belvedere Park 0
TOP OF THE 2ND
Springfield Shooters batting - Pitching for Belvedere Park Rawhides : RHP Norm Burris
Batting: RHB Jim Unknown 0-0: Called Strike
0-1: Fly out, F8 (Flyball, 8LM)
Batting: RHB Ethan Miller 0-0: Ball
1-0: Ground out 6-3 (Groundball, 6)
Batting: RHB Roy Herring 0-0: Swinging Strike
0-1: Fly out, F8 (Flyball, 8LS)
Top of the 2nd over - 0 run(s), 0 hit(s), 0 error(s), 0 left on base; Springfield 0 - Belvedere Park 0
BOTTOM OF THE 2ND
Belvedere Park Rawhides batting - Pitching for Springfield Shooters : RHP Jim Unknown
Batting: RHB Jim Burch 0-0: Ball
1-0: Foul Ball, location: 2F
1-1: Foul Ball, location: 2F
1-2: Foul Ball, location: 2F
1-2: Fly out, F6 (Popup, 6M)
Batting: RHB Pedro Jiménez 0-0: Ball
1-0: Called Strike
1-1: Called Strike
1-2: Ball
2-2: Ground out 4-3 (Groundball, 4)
Batting: SHB Greg Henderson 0-0: Called Strike
0-1: Swinging Strike
0-2: Foul Ball, location: 2F
0-2: Foul Ball, location: 2F
0-2: Ball
1-2: Ball
2-2: Foul Ball, location: 2F
2-2: Ball
3-2: Foul Ball, location: 2F
3-2: Ground out U3 (Groundball, 3)
Bottom of the 2nd over - 0 run(s), 0 hit(s), 0 error(s), 0 left on base; Springfield 0 - Belvedere Park 0
TOP OF THE 3RD
Springfield Shooters batting - Pitching for Belvedere Park Rawhides : RHP Norm Burris
Batting: RHB Júlio Cruz 0-0: Ball
1-0: Ball
2-0: Called Strike
2-1: Called Strike
2-2: Fly out, F4 (Popup, 4D)
Batting: SHB Eugene Bentley 0-0: Foul Ball, location: 2F
0-1: Ball
1-1: Foul Ball, location: 2F
1-2: Ball
2-2: Foul Ball, location: 2F
2-2: Strikes out swinging
Batting: RHB Bennett Bates 0-0: Ball
1-0: Called Strike
1-1: Swinging Strike
1-2: Ball
2-2: SINGLE (Line Drive, 56)
Batting: SHB Albert Santos 0-0: Called Strike
0-1: Foul Ball, location: 2F
0-2: Ball
1-2: SINGLE (Groundball, 56D)
Bennett Bates to second
Batting: RHB Michael Hicks 0-0: Ball
1-0: Ball
2-0: Ball
3-0: Called Strike
3-1: Called Strike
3-2: Foul Ball, location: 2F
3-2: Strikes out swinging
Top of the 3rd over - 0 run(s), 2 hit(s), 0 error(s), 2 left on base; Springfield 0 - Belvedere Park 0
BOTTOM OF THE 3RD
Belvedere Park Rawhides batting - Pitching for Springfield Shooters : RHP Jim Unknown
Batting: SHB Javier Valle 0-0: Ball
1-0: Fly out, F6 (Popup, 56D)
Batting: RHB César López 0-0: Ball
1-0: Ground out 5-3 (Groundball, 5S)
Batting: SHB Manuel González 0-0: Swinging Strike
0-1: Foul Ball, location: 2F
0-2: Foul Ball, location: 2F
0-2: Ball
1-2: Ball
2-2: Strikes out swinging
Bottom of the 3rd over - 0 run(s), 0 hit(s), 0 error(s), 0 left on base; Springfield 0 - Belvedere Park 0
TOP OF THE 4TH
Springfield Shooters batting - Pitching for Belvedere Park Rawhides : RHP Norm Burris
Batting: RHB Jim Unknown 0-0: Fly out, F8 (Flyball, 8RXD)
Batting: RHB Jim Unknown 0-0: Foul Ball, location: 2F
0-1: Foul Ball, location: 2F
0-2: Ball
1-2: Ball
2-2: Foul Ball, location: 2F
2-2: Strikes out swinging
Batting: RHB Ethan Miller 0-0: Called Strike
0-1: Fly out, F5 (Popup, 15)
Top of the 4th over - 0 run(s), 0 hit(s), 0 error(s), 0 left on base; Springfield 0 - Belvedere Park 0
BOTTOM OF THE 4TH
Belvedere Park Rawhides batting - Pitching for Springfield Shooters : RHP Jim Unknown
Batting: RHB Victorino Navarro 0-0: Called Strike
0-1: Ball
1-1: Swinging Strike
1-2: Ground out 5-3 (Groundball, 15S)
Batting: RHB Domingo Calderón 0-0: Called Strike
0-1: Swinging Strike
0-2: Ball
1-2: Ball
2-2: Foul Ball, location: 2F
2-2: Ball
3-2: Base on Balls
Batting: SHB Ryan Cook 0-0: Called Strike
0-1: Swinging Strike
0-2: Strikes out swinging
Batting: RHB Jim Burch 0-0: Ball
1-0: Swinging Strike
1-1: Foul Ball, location: 2F
1-2: Foul Ball, location: 2F
1-2: SINGLE (Line Drive, 34D)
Domingo Calderón to second
Batting: RHB Pedro Jiménez 0-0: Ball
1-0: Called Strike
1-1: Ball
2-1: Called Strike
2-2: Ball
3-2: Ground out 6-3 (Groundball, 6)
Bottom of the 4th over - 0 run(s), 1 hit(s), 0 error(s), 2 left on base; Springfield 0 - Belvedere Park 0
TOP OF THE 5TH
Springfield Shooters batting - Pitching for Belvedere Park Rawhides : RHP Norm Burris
Batting: RHB Roy Herring 0-0: Ball
1-0: Ball
2-0: Swinging Strike
2-1: Ground out 6-3 (Groundball, 6M)
Batting: RHB Júlio Cruz 0-0: Called Strike
0-1: Ball
1-1: Fly out, F8 (Flyball, 8RM)
Batting: SHB Eugene Bentley 0-0: Ground out 5-3 (Groundball, 56)
Top of the 5th over - 0 run(s), 0 hit(s), 0 error(s), 0 left on base; Springfield 0 - Belvedere Park 0
BOTTOM OF THE 5TH
Belvedere Park Rawhides batting - Pitching for Springfield Shooters : RHP Jim Unknown
Batting: SHB Greg Henderson 0-0: Fly out, F6 (Popup, 78S)
Batting: SHB Javier Valle 0-0: Foul Ball, location: 2F
0-1: Reaches on Catchers interference
Batting: RHB César López 0-0: Ball
1-0: Foul Ball, location: 2F
1-1: Ball
2-1: Fly out, F9 (Line Drive, 9D)
Batting: SHB Manuel González 0-0: Ball
1-0: Ball
2-0: Called Strike
2-1: Swinging Strike
2-2: Foul Ball, location: 2F
2-2: Fielders Choice at 2nd, U6 (Groundball, 6M)
Bottom of the 5th over - 0 run(s), 0 hit(s), 1 error(s), 1 left on base; Springfield 0 - Belvedere Park 0
TOP OF THE 6TH
Springfield Shooters batting - Pitching for Belvedere Park Rawhides : RHP Norm Burris
Batting: RHB Bennett Bates 0-0: Called Strike
0-1: Ball
1-1: SINGLE (Line Drive, 6M)
Batting: SHB Albert Santos 0-0: SINGLE (Line Drive, 78S)
Bennett Bates to second
Batting: RHB Michael Hicks 0-0: Bunted foul
0-1: Sac Bunt - play at first, batter OUT! 5-4
Bennett Bates to third
Albert Santos to second
Batting: RHB Jim Unknown 0-0: Called Strike
0-1: Swinging Strike
0-2: Strikes out swinging
Batting: RHB Jim Unknown 0-0: Ball
1-0: Ball
2-0: Called Strike
2-1: Foul Ball, location: 2F
2-2: SINGLE (Line Drive, 6MD)
Bennett Bates scores
Albert Santos to third
Batting: RHB Ethan Miller 0-0: Called Strike
0-1: Ball
1-1: Swinging Strike
1-2: Ball
2-2: Fly out, F9 (Flyball, 9LM)
Top of the 6th over - 1 run(s), 3 hit(s), 0 error(s), 2 left on base; Springfield 1 - Belvedere Park 0
BOTTOM OF THE 6TH
Belvedere Park Rawhides batting - Pitching for Springfield Shooters : RHP Jim Unknown
Batting: RHB Victorino Navarro 0-0: Ground out 6-3 (Groundball, 6)
Batting: RHB Domingo Calderón 0-0: Foul Ball, location: 2F
0-1: Ball
1-1: Foul Ball, location: 2F
1-2: Strikes out swinging
Batting: SHB Ryan Cook 0-0: Called Strike
0-1: Ball
1-1: Ball
2-1: Ball
3-1: SINGLE (Groundball, 34)
Batting: RHB Jim Burch 0-0: Fly out, F4 (Line Drive, 4D)
Bottom of the 6th over - 0 run(s), 1 hit(s), 0 error(s), 1 left on base; Springfield 1 - Belvedere Park 0
TOP OF THE 7TH
Springfield Shooters batting - Pitching for Belvedere Park Rawhides : RHP Norm Burris
Batting: RHB Roy Herring 0-0: Swinging Strike
0-1: Called Strike
0-2: Strikes out swinging
Batting: RHB Júlio Cruz 0-0: Ball
1-0: Called Strike
1-1: Fly out, F9 (Flyball, 9M)
Batting: SHB Eugene Bentley 0-0: Called Strike
0-1: Called Strike
0-2: Strikes out swinging
Top of the 7th over - 0 run(s), 0 hit(s), 0 error(s), 0 left on base; Springfield 1 - Belvedere Park 0
BOTTOM OF THE 7TH
Belvedere Park Rawhides batting - Pitching for Springfield Shooters : RHP Jim Unknown
Batting: RHB Pedro Jiménez 0-0: Called Strike
0-1: Foul Ball, location: 2F
0-2: Fly out, F5 (Popup, 25F)
Batting: SHB Greg Henderson 0-0: Called Strike
0-1: Ball
1-1: Called Strike
1-2: Ground out 4-3 (Groundball, 4)
Batting: SHB Javier Valle 0-0: Ball
1-0: Called Strike
1-1: Called Strike
1-2: Foul Ball, location: 2F
1-2: Strikes out looking
Bottom of the 7th over - 0 run(s), 0 hit(s), 0 error(s), 0 left on base; Springfield 1 - Belvedere Park 0
TOP OF THE 8TH
Springfield Shooters batting - Pitching for Belvedere Park Rawhides : RHP Norm Burris
Batting: RHB Bennett Bates 0-0: Ball
1-0: Ball
2-0: Ball
3-0: Base on Balls
Pinch Runner at 1st Alfredo Cuellar:
Batting: SHB Albert Santos 0-0: Bunted foul
0-1: Bunted foul
0-2: Ball
1-2: Ball
2-2: Ball
3-2: Base on Balls
Alfredo Cuellar to second
Pitching: RHP Jim Unknown
Batting: RHB Michael Hicks 0-0: Bunt missed!
0-1: Bunt - Flyout! F1
Pinch Hitting: LHB Brad Shockley 0-0: Ball
1-0: Swinging Strike
1-1: Ball
2-1: SINGLE (Groundball, 56D)
Alfredo Cuellar to third
Albert Santos to second
Batting: RHB Jim Unknown 0-0: SINGLE (Line Drive, 9LS)
Alfredo Cuellar scores
Albert Santos to third
Brad Shockley to second
Batting: RHB Ethan Miller 0-0: Swinging Strike
0-1: Swinging Strike
0-2: Fly out, F6 (Popup, 6MD)
Batting: RHB Roy Herring 0-0: Ball
1-0: Ball
2-0: SINGLE (Line Drive, 34)
Albert Santos scores
Brad Shockley to third
Jim Unknown to second
Runner from 3rd tries for Home, SAFE, no throw or cutoff
Batting: RHB Júlio Cruz 0-0: Ball
1-0: Foul Ball, location: 2F
1-1: Foul Ball, location: 2F
1-2: Fly out, F9 (Flyball, 89XD)
Top of the 8th over - 3 run(s), 3 hit(s), 0 error(s), 2 left on base; Springfield 4 - Belvedere Park 0
BOTTOM OF THE 8TH
Belvedere Park Rawhides batting - Pitching for Springfield Shooters : RHP Jim Unknown
Now at 1B: Brad Shockley
Now at SS: Alfredo Cuellar
Batting: RHB César López 0-0: Fly out, F8 (Flyball, 8RM)
Pitching: LHP Jim Unknown
Batting: SHB Manuel González 0-0: Bunt for hit - play at first, batter safe!
Batting: RHB Victorino Navarro 0-0: Called Strike
0-1: Called Strike
0-2: Grounds into double play, 5-4-3 (Groundball, 5L)
Bottom of the 8th over - 0 run(s), 1 hit(s), 0 error(s), 0 left on base; Springfield 4 - Belvedere Park 0
TOP OF THE 9TH
Springfield Shooters batting - Pitching for Belvedere Park Rawhides : RHP Jim Unknown
Pitching: RHP Jim Unknown
Batting: SHB Eugene Bentley 0-0: Called Strike
0-1: Foul Ball, location: 2F
0-2: Foul Ball, location: 2F
0-2: Ball
1-2: Strikes out looking
Pitching: LHP Doug Ferguson
Batting: RHB Alfredo Cuellar 0-0: Ball
1-0: Ground out 2-3 (Groundball, 25)
Batting: SHB Albert Santos 0-0: Foul Ball, location: 2F
0-1: Ball
1-1: Ball
2-1: Called Strike
2-2: Strikes out swinging
Top of the 9th over - 0 run(s), 0 hit(s), 0 error(s), 0 left on base; Springfield 4 - Belvedere Park 0
BOTTOM OF THE 9TH
Belvedere Park Rawhides batting - Pitching for Springfield Shooters : LHP Jim Unknown
Pitching: RHP Jim Unknown
Batting: RHB Domingo Calderón 0-0: Ball
1-0: Called Strike
1-1: Swinging Strike
1-2: Fly out, F4 (Popup, 13)
Batting: SHB Ryan Cook 0-0: Ball
1-0: Foul Ball, location: 2F
1-1: SINGLE (Line Drive, 4D)
Batting: RHB Jim Burch 0-0: Fly out, F8 (Flyball, 8RM)
Batting: RHB Pedro Jiménez 0-0: Ball
1-0: Foul Ball, location: 2F
1-1: Called Strike
1-2: Hit by Pitch
Ryan Cook to second
Batting: SHB Greg Henderson 0-0: Ball
1-0: Ball
2-0: Fly out, F7 (Flyball, 7S)
Bottom of the 9th over - 0 run(s), 1 hit(s), 0 error(s), 2 left on base; Springfield 4 - Belvedere Park 0
This league is powered by Out of the Park Baseball, the baseball management simulation game for PC, Mac and Linux
Friday, July 8th, 2016 - OOTP Baseball 16.9 Build 39